 Dungeon Crawl Stone Soup version 0.18.1-48-g4cf74bf (webtiles) character file.

261 Gottschkopf the Thaumaturge (level 5, 0/42 HPs)
             Began as a Deep Elf Conjurer on July 21, 2016.
             Slain by a hound (1 damage)
             ... on level 4 of the Dungeon.
             The game lasted 00:07:30 (2787 turns).

Gottschkopf the Thaumaturge (Deep Elf Conjurer)     Turns: 2787, Time: 00:07:31

Health: 0/42       AC:  5    Str: 10    XL:     5   Next: 96%
Magic:  9/17       EV: 13    Int: 21    God:
Gold:   124        SH:  0    Dex: 15    Spells: 4 memorised, 9 levels left

rFire  . . .     SeeInvis .     r - +4 quarterstaff (chaos)
rCold  . . .     Gourm    .     a - +0 robe
rNeg   . . .     Faith    .     (shield currently unavailable)
rPois  .         Spirit   .     (no helmet)
rElec  .         Dismiss  .     q - +0 cloak
rCorr  .         Reflect  .     (no gloves)
SustAt .         Harm     .     w - +1 pair of boots {run}
MR     .....                    o - amulet of magic regeneration
Stlth  ..........               (no ring)
                                (no ring)

@: confused, mighty, berserking, lethally poisoned (0 -> -7), very quick, not
resistant to hostile enchantments, extremely unstealthy
A: no striking features
a: no special abilities


You were on level 4 of the Dungeon.
You were not hungry.

You visited 1 branch of the dungeon, and saw 4 of its levels.

You collected 124 gold pieces.

Inventory:

Hand Weapons
 l - a +0 dagger
 r - a +4 quarterstaff of chaos (weapon)
 v - a +1 dagger of flaming
Armour
 a - a +0 robe (worn)
 q - a +0 cloak (worn)
 w - a +1 pair of boots of running (worn)
 z - a +0 buckler
Jewellery
 e - an uncursed amulet of faith
 o - an amulet of magic regeneration (around neck)
Scrolls
 d - 3 scrolls of identify {unknown}
 g - a scroll of recharging {unknown}
 h - a scroll of enchant weapon {unknown}
 i - 2 scrolls of remove curse {unknown}
 j - a scroll of teleportation {unknown}
 m - 2 scrolls of fog {unknown}
 y - a scroll of fear {unknown}
Potions
 f - a potion of might
 p - a potion of agility {unknown}
 s - a potion of cure mutation {unknown}
 t - a potion of brilliance {unknown}
Books
 b - a book of Conjurations

   Spells                             Type                      Level
   a - Magic Dart                     Conjuration                  1
   b - Searing Ray                    Conjuration                  2
   c - Dazzling Spray                 Conjuration/Hexes            3
   d - Fulminant Prism                Conjuration/Hexes            4
   e - Iskenderun's Mystic Blast      Conjuration                  4
   f - Iskenderun's Battlesphere      Conjuration/Charms           5
Comestibles
 c - 3 bread rations
 k - a beef jerky
 u - 2 chunks of flesh
 x - a meat ration


   Skills:
 - Level 2.4 Dodging
 - Level 2.4 Stealth
 + Level 8.4 Spellcasting
 - Level 4.3 Conjurations


You had 9 spell levels left.
You knew the following spells:

 Your Spells              Type           Power        Failure   Level  Hunger
a - Magic Dart            Conj           ####         1%          1    None
b - Searing Ray           Conj           ####..       1%          2    None
c - Iskenderun's Mystic   Conj           ####....     17%         4    ###....
d - Fulminant Prism       Conj/Hex       ###.......   34%         4    ###....


Dungeon Overview and Level Annotations

Branches:
Dungeon (4/15)
 Temple: D:4-7

Altars:
Makhleb


Message History

It was a potion of might.
You feel very mighty all of a sudden.
* * * LOW HITPOINT WARNING * * *
You feel sick. The hound barely misses you.
The orc hits you but does no damage. The worker ant bites you.
* * * LOW HITPOINT WARNING * * *
The hound misses you.
You hear some strange, mumbled words.
Something tries to affect you, but you resist.
Drink which item? (? for menu, Esc to quit)
It was a potion of berserk rage.
A red film seems to cover your vision as you go berserk!
You feel yourself moving faster!
You feel mighty!
* * * LOW HITPOINT WARNING * * *
You feel sick. The worker ant bites you.
* * * LOW HITPOINT WARNING * * *
The orc hits you with a dagger.
* * * LOW HITPOINT WARNING * * *
The hound bites you.
You die...

.. ### #. ...##. #
..... .# ... ..#
.## #.#####...###
.....#..a.........
.......@h)..).....
#######.o........h
#.####...### #.#
...# #.# ...# #.#
..# #.# ..# #.#


You could see a hound, a worker ant and an orc.

Vanquished Creatures
  A crimson imp (D:2)
  Crazy Yiuf (D:2)
  Jessica (D:2)
  An orc wizard (D:3)
  A gnoll (D:1)
  3 adders
  2 oozes (D:3)
  2 worms (D:3)
  A giant gecko (D:3)
  9 orcs
  6 giant cockroaches
  14 hobgoblins
  4 jackals (D:1)
  A ball python (D:3)
  8 bats
  6 giant newts
  9 goblins
  4 kobolds
  10 rats
84 creatures vanquished.

Notes
Turn   | Place    | Note
--------------------------------------------------------------
     0 | D:1      | Gottschkopf the Deep Elf Conjurer began the quest for the Orb.
     0 | D:1      | Reached XP level 1. HP: 10/10 MP: 6/6
   151 | D:1      | Reached skill level 4 in Spellcasting
   151 | D:1      | Reached XP level 2. HP: 11/15 MP: 1/9
   159 | D:1      | Learned a level 2 spell: Searing Ray
   691 | D:1      | Reached XP level 3. HP: 15/19 MP: 7/11
   692 | D:1      | Reached skill level 5 in Spellcasting
  1423 | D:2      | Noticed Crazy Yiuf
  1428 | D:2      | Killed Crazy Yiuf
  1428 | D:2      | Reached skill level 6 in Spellcasting
  1428 | D:2      | Reached XP level 4. HP: 18/24 MP: 8/14
  1447 | D:2      | Learned a level 4 spell: Iskenderun's Mystic Blast
  1452 | D:2      | Learned a level 4 spell: Fulminant Prism
  1540 | D:2      | Noticed Jessica
  1544 | D:2      | Killed Jessica
  2010 | D:2      | Found a burning altar of Makhleb.
  2016 | D:2      | Reached skill level 7 in Spellcasting
  2016 | D:2      | Reached XP level 5. HP: 26/28 MP: 9/16
  2240 | D:3      | Identified a +1 pair of boots of running (You found it on level 3 of the Dungeon)
  2249 | D:3      | Reached skill level 8 in Spellcasting
  2787 | D:4      | HP: 2/42 [worker ant (1)]
  2787 | D:4      | Slain by a hound

Skill      XL: |  1  2  3  4  5 |
---------------+----------------+-----
Spellcasting   | 4 6 7 8 |  8.4
Dodging        | |  2.4
Stealth        | |  2.4
Conjurations   | |  4.3

Action                   |  1- 3 |  4- 6 || total
-------------------------+-------+-------++-------
Melee: Quarterstaff      |       |     3 ||     3
 Cast: Magic Dart        |    61 |    93 ||   154
       Searing Ray       |     3 |     3 ||     6
  Use: Potion            |       |     2 ||     2
  Eat: Chunk             |     1 |     4 ||     5
Armor: Robe              |    15 |     4 ||    19
Dodge: Dodged            |    27 |    24 ||    51
